| TOP OF THE 1ST |
|
Magic Valley Magicians batting - Pitching for Fargo Brewmasters : RHP Steven Stone
|
|
Pitching: RHP Steven Stone
|
|
|
Batting: RHB Terry Edwards
|
0-0: Ball 1-0: Called Strike 1-1: Ball 2-1: SINGLE (Groundball, 6, EV 96.3 MPH)
|
|
Batting: RHB Matt Cimo
|
0-0: Ball 1-0: Swinging Strike 1-1: Ball 2-1: SINGLE (Line Drive, 89S, EV 105.0 MPH) Terry Edwards to second
|
|
Batting: RHB Terry Steinbach
|
0-0: SINGLE (Groundball, 25, EV 69.4 MPH) (infield hit) Terry Edwards to third Matt Cimo to second
|
|
Batting: RHB Marlin McPhail
|
0-0: GRAND SLAM HOME RUN (Flyball, 7D, EV 103.1 MPH), Distance : 370 ft
|
|
Batting: RHB James Dennett
|
0-0: Ball 1-0: Foul Ball, location: 2F 1-1: Called Strike 1-2: Strikes out looking
|
|
Batting: RHB Kevin Ward
|
0-0: Foul Ball, location: 2F 0-1: Ball 1-1: Foul Ball, location: 2F 1-2: Ball 2-2: Fly out, F8 (Line Drive, 8LM, EV 90.0 MPH)
|
|
Batting: RHB Scott Skripko
|
0-0: Ball 1-0: Swinging Strike 1-1: Ball 2-1: Swinging Strike 2-2: Foul Ball, location: 2F 2-2: Ball 3-2: Foul Ball, location: 2F 3-2: Base on Balls
|
|
Batting: RHB Bruce Seid
|
0-0: Called Strike 0-1: SINGLE (Groundball, 6S, EV 67.5 MPH) (infield hit) Scott Skripko to second
|
|
Batting: SHB Bernardo Howard
|
0-0: Ball 1-0: Foul Ball, location: 2F 1-1: Called Strike 1-2: Foul Ball, location: 2F 1-2: Ground out U3 (Groundball, 3, EV 86.3 MPH)
|
| Top of the 1st over - 4 runs, 5 hits, 0 errors, 2 left on base; Magic Valley 4 - Fargo 0 |
| BOTTOM OF THE 1ST |
|
Fargo Brewmasters batting - Pitching for Magic Valley Magicians : RHP Bill Boddy
|
|
Pitching: RHP Bill Boddy
|
|
|
Batting: SHB Angel Escobar
|
0-0: Foul Ball, location: 2F 0-1: Swinging Strike 0-2: Foul Ball, location: 2F 0-2: Ball 1-2: Fly out, F7 (Flyball, 7, EV 85.0 MPH)
|
|
Batting: LHB Victor Fernandez
|
0-0: Ball 1-0: Called Strike 1-1: Ball 2-1: Called Strike 2-2: Ball 3-2: Foul Ball, location: 2F 3-2: Base on Balls
|
|
Batting: RHB Forace Oxendine
|
0-0: Reached on error, E6 (Groundball, 6, EV 108.1 MPH) Victor Fernandez to second
|
|
Batting: RHB Dick E Scott
|
0-0: Ball 1-0: Called Strike 1-1: Fly out, F7 (Line Drive, 7, EV 96.9 MPH)
|
|
Batting: RHB Gus Polidor
|
0-0: Foul Ball, location: 2F 0-1: Ball 1-1: Ball 2-1: Ball 3-1: Fly out, F8 (Flyball, 8RS, EV 83.8 MPH)
|
| Bottom of the 1st over - 0 runs, 0 hits, 1 error, 2 left on base; Magic Valley 4 - Fargo 0 |
| TOP OF THE 2ND |
|
Magic Valley Magicians batting - Pitching for Fargo Brewmasters : RHP Steven Stone
|
|
Batting: RHB Terry Edwards
|
0-0: Called Strike 0-1: Ball 1-1: SOLO HOME RUN (Flyball, 7D, EV 108.8 MPH), Distance : 385 ft
|
|
Batting: RHB Matt Cimo
|
0-0: Foul Ball, location: 2F 0-1: Swinging Strike 0-2: Ball 1-2: Ball 2-2: SINGLE (Flyball, 3D, EV 90.0 MPH)
|
|
Batting: RHB Terry Steinbach
|
0-0: Called Strike 0-1: Ball 1-1: Swinging Strike 1-2: Ball 2-2: Fly out, F8 (Flyball, 8RM, EV 94.4 MPH)
|
|
Batting: RHB Marlin McPhail
|
0-0: Ball 1-0: Ball 2-0: Fly out, F4 (Popup, 4S, EV 71.9 MPH)
|
|
Batting: RHB James Dennett
|
0-0: Ball 1-0: Swinging Strike 1-1: DOUBLE (Groundball, 3L, EV 110.6 MPH) Matt Cimo to third Runner from 3rd tries for Home, SAFE, no throw by RF
|
|
Pitching: RHP Vinny Bedoya
|
|
|
Batting: RHB Kevin Ward
|
0-0: Fly out, F9 (Flyball, 9D, EV 103.1 MPH)
|
| Top of the 2nd over - 2 runs, 3 hits, 0 errors, 1 left on base; Magic Valley 6 - Fargo 0 |
| BOTTOM OF THE 2ND |
|
Fargo Brewmasters batting - Pitching for Magic Valley Magicians : RHP Bill Boddy
|
|
Batting: RHB Juan Picart
|
0-0: Ball 1-0: Ball 2-0: Foul Ball, location: 2F 2-1: Ball 3-1: Base on Balls
|
|
Batting: SHB Elton Hooker
|
0-0: Called Strike 0-1: Swinging Strike 0-2: Ball 1-2: SINGLE (Line Drive, 34, EV 97.5 MPH) Juan Picart to second
|
|
Batting: RHB Adolph Crump
|
0-0: Ball Juan Picart steals 3rd base Elton Hooker to second 1-0: Fly out, F6 (Popup, 6, EV 61.3 MPH)
|
|
Batting: RHB Randall Thorpe
|
0-0: SINGLE (Groundball, 25, EV 67.5 MPH) (infield hit)
|
|
Batting: SHB Angel Escobar
|
0-0: Called Strike 0-1: Ball 1-1: Ball 2-1: Swinging Strike 2-2: TRIPLE (Line Drive, 89XD, EV 105.0 MPH) Juan Picart scores Elton Hooker scores Randall Thorpe scores
|
|
Batting: LHB Victor Fernandez
|
0-0: Foul Ball, location: 2F 0-1: Ball 1-1: Ball 2-1: Ball Wild Pitch! Angel Escobar scores 3-1: Foul Ball, location: 2F 3-2: Ground out U3 (Groundball, 3S, EV 67.5 MPH)
|
|
Batting: RHB Forace Oxendine
|
0-0: Foul Ball, location: 2F 0-1: Swinging Strike 0-2: Ball 1-2: Ground out 6-3 (Groundball, 6, EV 80.6 MPH)
|
| Bottom of the 2nd over - 4 runs, 3 hits, 0 errors, 0 left on base; Magic Valley 6 - Fargo 4 |
| TOP OF THE 3RD |
|
Magic Valley Magicians batting - Pitching for Fargo Brewmasters : RHP Vinny Bedoya
|
|
Batting: RHB Scott Skripko
|
0-0: Ball 1-0: Fly out, F7 (Flyball, 7, EV 85.0 MPH)
|
|
Batting: RHB Bruce Seid
|
0-0: Ball 1-0: Ball 2-0: Ball 3-0: Called Strike 3-1: Base on Balls
|
|
Batting: SHB Bernardo Howard
|
0-0: Ball 1-0: Called Strike 1-1: Ball 2-1: Fielders Choice at 2nd, 4-6 (Groundball, 4, EV 109.4 MPH)
|
|
Batting: RHB Terry Edwards
|
0-0: Ball 1-0: Ball 2-0: Called Strike 2-1: Called Strike 2-2: Ball Bernardo Howard is caught stealing 2nd base 2-4
|
| Top of the 3rd over - 0 runs, 0 hits, 0 errors, 0 left on base; Magic Valley 6 - Fargo 4 |
| BOTTOM OF THE 3RD |
|
Fargo Brewmasters batting - Pitching for Magic Valley Magicians : RHP Bill Boddy
|
|
Batting: RHB Dick E Scott
|
0-0: Called Strike 0-1: Foul Ball, location: 2F 0-2: Ball 1-2: Foul Ball, location: 2F 1-2: Foul Ball, location: 2F 1-2: Ball 2-2: Ball 3-2: Base on Balls
|
|
Batting: RHB Gus Polidor
|
0-0: Called Strike 0-1: Ball 1-1: Ball 2-1: Called Strike 2-2: SINGLE (Line Drive, 6MD, EV 98.1 MPH) Dick E Scott to second
|
|
Pitching: RHP Larry Beardman
|
|
|
Batting: RHB Juan Picart
|
0-0: Called Strike 0-1: Foul Ball, location: 2F 0-2: SINGLE (Groundball, 15S, EV 65.0 MPH) (infield hit) Dick E Scott to third Gus Polidor to second
|
|
Batting: SHB Elton Hooker
|
0-0: Ball 1-0: Foul Ball, location: 2F 1-1: Called Strike 1-2: SINGLE (Flyball, 7LM, EV 89.4 MPH) Dick E Scott scores Gus Polidor to third Juan Picart to second Runner from 3rd tries for Home, SAFE, throw by LF to home
|
|
Batting: RHB Adolph Crump
|
0-0: Swinging Strike 0-1: Ball 1-1: Called Strike 1-2: Ball 2-2: Foul Ball, location: 2F 2-2: Ball 3-2: Strikes out swinging
|
|
Batting: RHB Randall Thorpe
|
0-0: Called Strike 0-1: Ball 1-1: Swinging Strike 1-2: Ball 2-2: Fly out, F8 (Flyball, 8RD, EV 86.9 MPH)
|
|
Batting: SHB Angel Escobar
|
0-0: Ball 1-0: Foul Ball, location: 2F 1-1: Swinging Strike 1-2: Fielders Choice at 2nd, U6 (Groundball, 6M, EV 84.4 MPH)
|
| Bottom of the 3rd over - 2 runs, 3 hits, 0 errors, 2 left on base; Magic Valley 6 - Fargo 6 |
| TOP OF THE 4TH |
|
Magic Valley Magicians batting - Pitching for Fargo Brewmasters : RHP Vinny Bedoya
|
|
Batting: RHB Terry Edwards
|
0-0: Ball 1-0: Ball 2-0: Called Strike 2-1: Called Strike 2-2: Ground out 1-3 (Groundball, 13S, EV 75.6 MPH)
|
|
Batting: RHB Matt Cimo
|
0-0: Called Strike 0-1: Foul Ball, location: 2F 0-2: Ball 1-2: Ball 2-2: Ball 3-2: Base on Balls
|
|
Batting: RHB Terry Steinbach
|
0-0: Ball 1-0: Ball 2-0: Ball Wild Pitch! Matt Cimo to second 3-0: Base on Balls
|
|
Batting: RHB Marlin McPhail
|
0-0: Ball 1-0: Called Strike 1-1: Called Strike 1-2: Strikes out swinging
|
|
Batting: RHB James Dennett
|
0-0: Ball 1-0: Swinging Strike 1-1: Ball 2-1: Ball 3-1: Foul Ball, location: 2F 3-2: Strikes out swinging
|
| Top of the 4th over - 0 runs, 0 hits, 0 errors, 2 left on base; Magic Valley 6 - Fargo 6 |
| BOTTOM OF THE 4TH |
|
Fargo Brewmasters batting - Pitching for Magic Valley Magicians : RHP Larry Beardman
|
|
Batting: LHB Victor Fernandez
|
0-0: Ball 1-0: Swinging Strike 1-1: SINGLE (Line Drive, 56D, EV 110.0 MPH)
|
|
Batting: RHB Forace Oxendine
|
0-0: Fly out, F8 (Flyball, 8LD, EV 86.9 MPH)
|
|
Batting: RHB Dick E Scott
|
0-0: Ball 1-0: Ball 2-0: Foul Ball, location: 2F 2-1: Fielders Choice at 2nd, 4-6 (Groundball, 4, EV 86.3 MPH)
|
|
Batting: RHB Gus Polidor
|
0-0: Called Strike Dick E Scott steals 2nd base 0-1: Swinging Strike 0-2: Ball 1-2: Ground out 4-3 (Groundball, 34, EV 101.3 MPH)
|
| Bottom of the 4th over - 0 runs, 1 hit, 0 errors, 1 left on base; Magic Valley 6 - Fargo 6 |
| TOP OF THE 5TH |
|
Magic Valley Magicians batting - Pitching for Fargo Brewmasters : RHP Vinny Bedoya
|
|
Batting: RHB Kevin Ward
|
0-0: Called Strike 0-1: Called Strike 0-2: DOUBLE (Line Drive, 9LM, EV 108.8 MPH)
|
|
Batting: RHB Scott Skripko
|
0-0: Ground out 5-3 (Groundball, 56S, EV 68.8 MPH) Kevin Ward to third
|
|
Batting: RHB Bruce Seid
|
0-0: Called Strike 0-1: Ball 1-1: Fly out, F3 (Line Drive, 3, EV 76.3 MPH)
|
|
Batting: SHB Bernardo Howard
|
0-0: Called Strike 0-1: Called Strike 0-2: Foul Ball, location: 2F 0-2: Ball 1-2: Fly out, F9 (Flyball, 89M, EV 91.9 MPH)
|
| Top of the 5th over - 0 runs, 1 hit, 0 errors, 1 left on base; Magic Valley 6 - Fargo 6 |
| BOTTOM OF THE 5TH |
|
Fargo Brewmasters batting - Pitching for Magic Valley Magicians : RHP Larry Beardman
|
|
Batting: RHB Juan Picart
|
0-0: Called Strike 0-1: Foul Ball, location: 2F 0-2: Ground out 4-3 (Groundball, 4D, EV 103.1 MPH)
|
|
Batting: SHB Elton Hooker
|
0-0: Ball 1-0: Ball 2-0: Ball 3-0: Base on Balls
|
|
Batting: RHB Adolph Crump
|
0-0: Called Strike Elton Hooker steals 2nd base 0-1: Fly out, F4 (Popup, 4M, EV 50.6 MPH)
|
|
Batting: RHB Randall Thorpe
|
0-0: Reached on error, E5 (Groundball, 56, EV 89.4 MPH) Elton Hooker to third
|
|
Batting: SHB Angel Escobar
|
0-0: Called Strike 0-1: Ball 1-1: Ball Wild Pitch! Elton Hooker scores Randall Thorpe to second 2-1: Ball 3-1: SINGLE (Flyball, 8LS, EV 98.8 MPH) Randall Thorpe to third Runner from 3rd tries for Home, SAFE, throw by CF to home
|
|
Batting: LHB Victor Fernandez
|
0-0: Called Strike 0-1: Ball 1-1: Foul Ball, location: 2F 1-2: Ground out 1-3 (Groundball, 13S, EV 70.6 MPH)
|
| Bottom of the 5th over - 2 runs, 1 hit, 1 error, 1 left on base; Magic Valley 6 - Fargo 8 |
| TOP OF THE 6TH |
|
Magic Valley Magicians batting - Pitching for Fargo Brewmasters : RHP Vinny Bedoya
|
|
Batting: RHB Terry Edwards
|
0-0: Ground out 5-3 (Groundball, 5, EV 106.9 MPH)
|
|
Batting: RHB Matt Cimo
|
0-0: Swinging Strike 0-1: Fly out, F7 (Flyball, 7, EV 88.8 MPH)
|
|
Batting: RHB Terry Steinbach
|
0-0: Foul Ball, location: 2F 0-1: Swinging Strike 0-2: Strikes out swinging
|
| Top of the 6th over - 0 runs, 0 hits, 0 errors, 0 left on base; Magic Valley 6 - Fargo 8 |
| BOTTOM OF THE 6TH |
|
Fargo Brewmasters batting - Pitching for Magic Valley Magicians : RHP Larry Beardman
|
|
Batting: RHB Forace Oxendine
|
0-0: Ball 1-0: Swinging Strike 1-1: Ball 2-1: Fly out, F6 (Popup, 6MS, EV 72.5 MPH)
|
|
Batting: RHB Dick E Scott
|
0-0: Swinging Strike 0-1: Ball 1-1: Called Strike 1-2: Foul Ball, location: 2F 1-2: Reached on error, E6 (Groundball, 6, EV 80.6 MPH)
|
|
Pitching: RHP Kenny Houp
|
|
|
Batting: RHB Gus Polidor
|
0-0: Grounds into double play, 4-6-3 (Groundball, 34, EV 83.1 MPH)
|
| Bottom of the 6th over - 0 runs, 0 hits, 1 error, 0 left on base; Magic Valley 6 - Fargo 8 |
| TOP OF THE 7TH |
|
Magic Valley Magicians batting - Pitching for Fargo Brewmasters : RHP Vinny Bedoya
|
|
Batting: RHB Marlin McPhail
|
0-0: Called Strike 0-1: SINGLE (Line Drive, 34, EV 96.3 MPH)
|
|
Pitching: LHP Allan Bauman
|
|
|
Batting: RHB James Dennett
|
0-0: Called Strike 0-1: Fly out, F4 (Popup, 4S, EV 65.6 MPH)
|
|
Batting: RHB Kevin Ward
|
0-0: Called Strike 0-1: Ball 1-1: Ball 2-1: Ball 3-1: Base on Balls Marlin McPhail to second
|
|
Pinch Hitting: RHB Michael Smith
|
0-0: Called Strike 0-1: SINGLE (Groundball, 6M, EV 93.8 MPH) (infield hit) Marlin McPhail to third Kevin Ward to second
|
|
Batting: RHB Bruce Seid
|
0-0: Ball 1-0: Ball 2-0: Ball 3-0: Base on Balls Marlin McPhail scores Kevin Ward to third Michael Smith to second
|
|
Batting: SHB Bernardo Howard
|
0-0: Called Strike 0-1: Swinging Strike 0-2: Ball 1-2: Foul Ball, location: 2F 1-2: Foul Ball, location: 2F 1-2: Ball 2-2: Strikes out swinging
|
|
Batting: RHB Terry Edwards
|
0-0: Ball 1-0: Ball 2-0: Ball 3-0: Base on Balls Kevin Ward scores Michael Smith to third Bruce Seid to second
|
|
Batting: RHB Matt Cimo
|
0-0: Fly out, F9 (Flyball, 9LM, EV 80.6 MPH)
|
| Top of the 7th over - 2 runs, 2 hits, 0 errors, 3 left on base; Magic Valley 8 - Fargo 8 |
| BOTTOM OF THE 7TH |
|
Fargo Brewmasters batting - Pitching for Magic Valley Magicians : RHP Kenny Houp
|
|
Now in LF: Keith Bragg
|
|
|
Batting: RHB Juan Picart
|
0-0: Ball 1-0: Fly out, F5 (Flyball, 5D, EV 81.3 MPH)
|
|
Batting: SHB Elton Hooker
|
0-0: Ball 1-0: SINGLE (Flyball, 56D, EV 93.8 MPH)
|
|
Batting: RHB Adolph Crump
|
0-0: Ball 1-0: Ball Pickoff Throw to First - Error! E1 Elton Hooker to second 2-0: Swinging Strike 2-1: Ball Wild Pitch! Elton Hooker to third 3-1: Foul Ball, location: 2F 3-2: Base on Balls
|
|
Batting: RHB Randall Thorpe
|
0-0: Ball 1-0: Ball Adolph Crump steals 2nd, throwing error, E2 Elton Hooker scores Adolph Crump to third 2-0: Ball 3-0: Called Strike 3-1: Foul Ball, location: 2F 3-2: SINGLE (Flyball, 4MD, EV 91.9 MPH) Adolph Crump scores
|
|
Batting: SHB Angel Escobar
|
0-0: Ball 1-0: Ball 2-0: Called Strike 2-1: Ball 3-1: Foul Ball, location: 2F 3-2: SINGLE (Line Drive, 6MD, EV 96.9 MPH) Randall Thorpe to second Randall Thorpe to third
|
|
Batting: LHB Victor Fernandez
|
0-0: Fly out, F8 (Flyball, 78D, EV 103.8 MPH) Runner from 3rd tags up, SCORES, no throw by CF
|
|
Batting: RHB Forace Oxendine
|
0-0: Ball 1-0: SINGLE (Groundball, 6M, EV 101.9 MPH) Angel Escobar to second Runner from 2nd tries for 3rd, SAFE, no throw by CF
|
|
Batting: RHB Dick E Scott
|
0-0: Fly out, F7 (Flyball, 7S, EV 96.3 MPH)
|
| Bottom of the 7th over - 3 runs, 4 hits, 2 errors, 2 left on base; Magic Valley 8 - Fargo 11 |
| TOP OF THE 8TH |
|
Magic Valley Magicians batting - Pitching for Fargo Brewmasters : LHP Allan Bauman
|
|
Batting: RHB Terry Steinbach
|
0-0: Foul Ball, location: 2F 0-1: Called Strike 0-2: Foul Ball, location: 2F 0-2: Foul Ball, location: 2F 0-2: Strikes out looking
|
|
Batting: RHB Marlin McPhail
|
0-0: Ball 1-0: Swinging Strike 1-1: Fly out, F7 (Flyball, 7LS, EV 78.8 MPH)
|
|
Batting: RHB James Dennett
|
0-0: Ball 1-0: Swinging Strike 1-1: Foul Ball, location: 2F 1-2: Strikes out swinging
|
| Top of the 8th over - 0 runs, 0 hits, 0 errors, 0 left on base; Magic Valley 8 - Fargo 11 |
| BOTTOM OF THE 8TH |
|
Fargo Brewmasters batting - Pitching for Magic Valley Magicians : RHP Kenny Houp
|
|
Batting: RHB Gus Polidor
|
0-0: SINGLE (Groundball, 4MD, EV 94.4 MPH)
|
|
Batting: RHB Juan Picart
|
0-0: Called Strike 0-1: Foul Ball, location: 2F 0-2: Foul Ball, location: 2F 0-2: Ball 1-2: Ball 2-2: Foul Ball, location: 2F 2-2: Foul Ball, location: 2F 2-2: Strikes out swinging
|
|
Batting: SHB Elton Hooker
|
0-0: Ball Wild Pitch! Gus Polidor to second 1-0: Ball Passed Ball! Gus Polidor to third 2-0: Ball 3-0: Base on Balls
|
|
Batting: RHB Adolph Crump
|
0-0: Swinging Strike 0-1: Ball 1-1: Fielders Choice at 2nd, 6-4 (Groundball, 56D, EV 87.5 MPH) Gus Polidor scores
|
|
Batting: RHB Randall Thorpe
|
0-0: Ball Adolph Crump steals 2nd base 1-0: Ball 2-0: Called Strike 2-1: Ball 3-1: Base on Balls
|
|
Batting: SHB Angel Escobar
|
0-0: Called Strike 0-1: SINGLE (Groundball, 6MD, EV 96.9 MPH) Adolph Crump to third Randall Thorpe to second Runner from 3rd tries for Home, SAFE, throw by CF to home
|
|
Batting: LHB Victor Fernandez
|
0-0: Called Strike 0-1: Ball 1-1: Foul Ball, location: 2F 1-2: Foul Ball, location: 2F 1-2: SINGLE (Groundball, 6S, EV 65.6 MPH) (infield hit) Randall Thorpe to third Angel Escobar to second
|
|
Batting: RHB Forace Oxendine
|
0-0: Ball 1-0: Foul Ball, location: 2F 1-1: Called Strike 1-2: GRAND SLAM HOME RUN (Flyball, 78XD, EV 106.9 MPH), Distance : 441 ft
|
|
Pitching: RHP Kevin Aitcheson
|
|
|
Pinch Hitting: RHB A.J. Hill
|
0-0: Fly out, F3 (Popup, 34S, EV 71.9 MPH)
|
| Bottom of the 8th over - 6 runs, 4 hits, 0 errors, 0 left on base; Magic Valley 8 - Fargo 17 |
| TOP OF THE 9TH |
|
Magic Valley Magicians batting - Pitching for Fargo Brewmasters : LHP Allan Bauman
|
|
Now at 2B: A.J. Hill
|
|
|
Batting: RHB Kevin Ward
|
0-0: Foul Ball, location: 2F 0-1: Ball 1-1: SINGLE (Line Drive, 6M, EV 96.3 MPH)
|
|
Pinch Hitting: RHB Terrence Nocera
|
0-0: Called Strike 0-1: Ball 1-1: Foul Ball, location: 2F 1-2: Foul Ball, location: 2F 1-2: Ball 2-2: Strikes out swinging
|
|
Batting: RHB Bruce Seid
|
0-0: Grounds into double play, 1-6-3 (Groundball, 13, EV 68.8 MPH)
|
| Top of the 9th over - 0 runs, 1 hit, 0 errors, 0 left on base; Magic Valley 8 - Fargo 17 |
|